 Dungeon Crawl Stone Soup version 0.30.1-11-g7821555f0a (webtiles) character file.

Game seed: 16798541145363811240

15789 lonewolfV2 the Formicid Catastrophe (level 12, -1/97 HPs)
             Began as a Formicid Fighter on Nov 15, 2023.
             Was an Elder of Qazlal.
             Slain by a seven-headed hydra (13 damage)
             ... on level 12 of the Dungeon.
             The game lasted 00:14:18 (11638 turns).

lonewolfV2 the Formicid Catastrophe (FoFi)         Turns: 11638, Time: 00:14:19

Health: -1/97      AC: 16    Str: 28    XL:     12   Next: 62%
Magic:  20/20      EV:  7    Int:  8    God:    Qazlal [****..]
Gold:   682        SH: 12    Dex: 15    Spells: 11/11 levels left

rFire   . . .        B - +2 battleaxe (heavy)
rCold   . . .        c - +0 buckler
rNeg    . . .        l - +0 plate armour "Kininwie" {Drain rCorr Str+4}
rPois   +            (helmet unavailable)
rElec   .            (no cloak)
rCorr   +            C - +0 pair of gloves
SInv    +            (no boots)
Will    ++...        y - amulet of regeneration Stlth
                     v - ring of poison resistance
HPRegen 1.16/turn    n - ring of willpower
MPRegen 0.17/turn

%: repel missiles
@: no status effects
A: permanent stasis, dig shafts and tunnels, antennae 3, four strong arms
a: Dig, Shaft Self, Renounce Religion, Upheaval, Elemental Force


You were on level 12 of the Dungeon.
You worshipped Qazlal.
Qazlal was greatly pleased with you.
You visited 1 branch of the dungeon, and saw 12 of its levels.

You collected 682 gold pieces.

Inventory:

Hand Weapons
 a - a +2 war axe
 B - a +2 heavy battleaxe (weapon)
 I - the +3 whip of an ossuary {flame, Str+6 Int-2}
   (You found it on level 11 of the Dungeon)

   Str:       It affects your strength (+6).
   Int:       It affects your intelligence (-2).
Missiles
 m - a throwing net
Armour
 c - a +0 buckler (worn)
 i - a +1 plate armour
 l - the +0 plate armour "Kininwie" (worn) {Drain rCorr Str+4}
   (You found it on level 3 of the Dungeon)

   Str:       It affects your strength (+4).
   rCorr:     It protects you from acid and corrosion.
   Drain:     It drains your maximum health when unequipped.
 C - a +0 pair of gloves (worn)
Jewellery
 n - a ring of willpower (right hand)
 v - a ring of poison resistance (left hand)
 y - an amulet of regeneration (around neck)
 D - a ring of flight
Wands
 b - a wand of polymorph (7)
 q - a wand of charming (14)
 r - a wand of mindburst (7)
 s - a wand of iceblast (7)
 J - a wand of quicksilver (6)
Scrolls
 f - 2 scrolls of torment
 k - 5 scrolls of magic mapping
 o - 3 scrolls of teleportation
 t - 2 scrolls of fog
 E - a scroll of brand weapon
 G - 5 scrolls of amnesia
 H - 3 scrolls of identify
Potions
 d - 3 potions of might
 e - 2 potions of haste
 g - 20 potions of degeneration
 h - 2 potions of flight
 j - 4 potions of mutation
 p - a potion of magic
 u - a potion of berserk rage
 w - 4 potions of curing
 x - a potion of invisibility
 A - 3 potions of brilliance
 F - a potion of resistance
Miscellaneous
 z - a condenser vane


   Skills:
 - Level 10.0 Fighting
 - Level 10.3 Axes
 - Level 10.1 Armour
 - Level 10.8 Shields
 * Level 11.1 Invocations


You had 11 spell levels left.
You didn't know any spells.
Your spell library contained the following spells:

 Spells                   Type           Power      Damage    Failure   Level
 Apportation              Tloc           0%         N/A       98%         1
 Sting                    Tmut/Pois      0%         1d3       98%         1
 Ensorcelled Hibernation  Hex/Ice        0%         N/A       99%         2
 Poisonous Vapours        Pois/Air       0%         N/A       99%         2
 Dazzling Flash           Conj/Hex       0%         N/A       100%        3
 Portal Projectile        Hex/Tloc       0%         N/A       100%        3
 Stone Arrow              Conj/Erth      0%         3d7       100%        3
 Tukima's Dance           Hex            0%         N/A       100%        3
 Leda's Liquefaction      Hex/Erth       0%         N/A       100%        4
 Olgreb's Toxic Radiance  Pois           0%         N/A       100%        4
 Agony                    Necr           0%         N/A       100%        5
 Alistair's Intoxication  Tmut/Pois      0%         N/A       100%        5
 Blade Hands              Tmut           0%         N/A       100%        5
 Metabolic Englaciation   Hex/Ice        0%         N/A       100%        5
 Silence                  Hex/Air        0%         N/A       100%        5
 Plasma Beam              Fire/Air       0%         2x1d11    100%        6
 Enfeeble                 Hex            0%         N/A       100%        7


Dungeon Overview and Level Annotations

Branches:
Dungeon (12/15)            Temple (0/1) D:6            Lair (0/5) D:10
    Orc (0/2) D:10

Altars:
Dithmenos
Fedhas
Hepliaklqana
Kikubaaqudgha
Makhleb
Nemelex Xobeh
Okawaru
Qazlal
Uskayaw
Vehumet
Yredelemnul

Shops:
D:9 *

Annotations:
D:6 3 runed translucent doors, Psyclone's ghost, novice DrCj


Innate Abilities, Weirdness & Mutations

You cannot be hasted, slowed, berserked, paralysed or teleported.
You can dig through walls and to a lower floor.
You have a pair of large antennae on your head. (SInv)
Your four strong arms can wield two-handed weapons with a shield.


Message History

The cyclops hits you but does no damage.
You slice the cyclops!!
You kill the cyclops!
Qazlal accepts your kill.
A six-headed hydra comes into view.
The six-headed hydra bites you but does no damage.
The six-headed hydra barely misses you. The six-headed hydra bites you. x3
The six-headed hydra bites you but does no damage.
Your Invocations skill increases to level 11!
You slice one of the six-headed hydra's heads off!
The five-headed hydra grows two more!
You open the seven-headed hydra like a pillowcase!!!
The seven-headed hydra is heavily wounded.
You block the seven-headed hydra's attack.
The seven-headed hydra bites you.
The seven-headed hydra bites you but does no damage.
The seven-headed hydra bites you! x2; The seven-headed hydra bites you.
You block the seven-headed hydra's attack.
The seven-headed hydra bites you. x2
The seven-headed hydra barely misses you.
The seven-headed hydra bites you!
You block the seven-headed hydra's attack.
The seven-headed hydra bites you.
The seven-headed hydra barely misses you.
You barely miss the seven-headed hydra.
The seven-headed hydra is heavily wounded.
The seven-headed hydra completely misses you.
The seven-headed hydra bites you!
* * * LOW HITPOINT WARNING * * *
The seven-headed hydra bites you!
* * * LOW HITPOINT WARNING * * *
The seven-headed hydra bites you but does no damage.
The seven-headed hydra bites you!
* * * LOW HITPOINT WARNING * * *
The seven-headed hydra bites you but does no damage.
You block the seven-headed hydra's attack.
You feel better.
You block the seven-headed hydra's attack.
The seven-headed hydra bites you!
You die...

.....# ... .....# #+######.#
###########......#.######
..........+......+......#
..........#......#......#
...)......#.............######
###............##°###...##...#
###..........###..# #...##...#
............## #@.# #........#
............# #D### #........#
{ ...........##..#{ #........#
...........##.. #........#
...........### #........#
..........## ##########
..........# .........##
........##{


You could see a seven-headed hydra.

Vanquished Creatures
  2 two-headed ogres
  2 boulder beetles (D:11)
  A deep elf pyromancer (D:12)
  2 cyclopes
  An ugly thing (D:11)
  A manticore (D:12)
  Joseph (D:7)
  Psyche (D:9)
  An unseen horror (D:11)
  3 trolls (D:10)
  Prince Ribbit (D:8)
  2 hornets (D:9)
  Grinder (D:5)
  A wyvern (D:7)
  4 wraiths (D:12)
  Eustachio (D:4)
  2 vampires (D:12)
  3 slime creatures (D:12)
  A shadow (D:10)
  13 yaks
  2 steam dragons (D:8)
  Menkaure (D:5)
  3 vampire mosquitoes
  2 acid dragons (D:12)
  Duvessa (D:7)
  A sky beast (D:6)
  An ice beast (D:6)
  10 orc warriors
  A black bear (D:6)
  7 centaurs
  Blork the orc (D:4)
  5 bullfrogs
  2 kobold brigands
  3 scorpions
  15 wights
  Dowan (D:7)
  3 howler monkeys (D:11)
  A crimson imp (D:7)
  4 hounds
  3 jellies
  7 orc priests
  2 gnoll boudas
  4 iguanas
  9 orc wizards
  A killer bee zombie (D:6)
  A howler monkey zombie (D:6)
  Robin (D:4)
  9 gnolls
  6 adders
  2 white imps (D:7)
  An ufetubus (D:5)
  A worm (D:3)
  8 dart slugs
  32 orcs
  8 ball pythons
  5 endoplasms
  2 giant cockroaches
  15 goblins
  7 hobgoblins
  9 jackals
  5 quokkas
  4 bats
  17 kobolds
  2 rats
269 creatures vanquished.

Vanquished Creatures (others)
  An orc (D:8)
1 creature vanquished.

Grand Total: 270 creatures vanquished

Notes
Turn   | Place    | Note
-------+----------+-------------------------------------------
     0 | D:1      | lonewolfV2 the Formicid Fighter began the quest for the
                  | Orb.
     0 | D:1      | Reached XP level 1. HP: 18/18 MP: 1/1
   164 | D:1      | Reached XP level 2. HP: 24/24 MP: 2/2
   363 | D:1      | Reached XP level 3. HP: 30/30 MP: 3/3
   562 | D:1      | Found a faded altar of an unknown god.
   929 | D:2      | Reached XP level 4. HP: 34/37 MP: 4/4
  1202 | D:2      | You fall into a shaft and drop 1 floor!
  1614 | D:3      | Identified the +0 plate armour "Kininwie" {Drain rCorr
                  | Str+4}
  2007 | D:3      | Reached XP level 5. HP: 32/42 MP: 5/5
  2044 | D:3      | Found an iron altar of Okawaru.
  2046 | D:3      | Found a stormy altar of Qazlal.
  2046 | D:3      | Found a sparkling altar of Nemelex Xobeh.
  2046 | D:3      | Found a hide-covered altar of Uskayaw.
  2056 | D:3      | Became a worshipper of Qazlal Stormbringer
  2314 | D:4      | Reached XP level 6. HP: 49/49 MP: 6/6
  2373 | D:4      | Noticed Blork the orc
  2409 | D:4      | Killed Blork the orc
  2410 | D:4      | Reached skill level 5 in Fighting
  2410 | D:4      | Reached skill level 5 in Armour
  2914 | D:4      | Found a radiant altar of Vehumet.
  3048 | D:4      | Noticed Robin
  3056 | D:4      | Killed Robin
  3191 | D:4      | Noticed Eustachio
  3198 | D:4      | Killed Eustachio
  3199 | D:4      | Reached XP level 7. HP: 51/56 MP: 7/7
  3559 | D:5      | Entered Level 5 of the Dungeon
  3746 | D:5      | Noticed Menkaure
  3761 | D:5      | Killed Menkaure
  3761 | D:5      | Reached * piety under Qazlal
  4034 | D:5      | Reached XP level 8. HP: 64/65 MP: 8/8
  4449 | D:5      | Noticed Grinder
  4478 | D:5      | Killed Grinder
  5347 | D:6      | Reached skill level 5 in Shields
  5414 | D:6      | Reached skill level 5 in Axes
  5450 | D:6      | Got the Elucidation of Entrancing Anthracomancy
  5562 | D:6      | Found a staircase to the Ecumenical Temple.
  5676 | D:6      | Reached XP level 9. HP: 69/72 MP: 9/9
  5990 | D:6      | Found a runed translucent gate.
  5990 | D:6      | Found a runed translucent gate.
  5990 | D:6      | Found a runed translucent gate.
  5990 | D:6      | Noticed Psyclone's ghost (novice DrCj)
  6198 | D:6      | Found an ancient bone altar of Kikubaaqudgha.
  6252 | D:6      | Found a basalt altar of Yredelemnul.
  6408 | D:7      | Noticed Joseph
  6416 | D:7      | Killed Joseph
  6493 | D:7      | Reached ** piety under Qazlal
  6541 | D:7      | Reached XP level 10. HP: 73/79 MP: 10/10
  6597 | D:7      | Noticed Dowan
  6598 | D:7      | Noticed Duvessa
  6605 | D:7      | Killed Duvessa
  6607 | D:7      | Killed Dowan
  6689 | D:7      | Found a blossoming altar of Fedhas.
  6728 | D:7      | Reached skill level 10 in Shields
  7003 | D:7      | Found a flagged portal.
  7105 | D:7      | Found a burning altar of Makhleb.
  7332 | D:8      | Got Sif Muna's Secrets of the Mesa and Misfortune
  7357 | D:8      | Noticed Prince Ribbit
  7382 | D:8      | Killed Prince Ribbit
  7428 | D:8      | Found a hazy altar of Hepliaklqana.
  7471 | D:8      | Reached skill level 10 in Axes
  7541 | D:8      | Reached *** piety under Qazlal
  7759 | D:8      | Reached XP level 11. HP: 76/86 MP: 11/11
  8253 | D:9      | Noticed a two-headed ogre
  8260 | D:9      | Killed a two-headed ogre
  8282 | D:9      | Found Dororont's General Store.
  8747 | D:9      | Noticed Psyche
  8752 | D:9      | Killed Psyche
  9218 | D:10     | Entered Level 10 of the Dungeon
  9299 | D:10     | Found a staircase to the Lair.
  9311 | D:10     | Reached **** piety under Qazlal
  9321 | D:10     | Reached skill level 10 in Armour
  9828 | D:10     | Found a staircase to the Orcish Mines.
  9917 | D:10     | Reached skill level 10 in Fighting
  9975 | D:10     | Reached skill level 2 in Invocations
 10376 | D:10     | Found a shadowy altar of Dithmenos.
 10380 | D:10     | Reached skill level 3 in Invocations
 10566 | D:11     | Noticed a purple ugly thing
 10569 | D:11     | Noticed a two-headed ogre
 10570 | D:11     | Killed a purple ugly thing
 10571 | D:11     | Reached skill level 4 in Invocations
 10578 | D:11     | Killed a two-headed ogre
 10579 | D:11     | Reached skill level 5 in Invocations
 10589 | D:11     | Reached XP level 12. HP: 46/97 MP: 16/16
 10638 | D:11     | Noticed a boulder beetle
 10652 | D:11     | Killed a boulder beetle
 10653 | D:11     | Reached skill level 6 in Invocations
 10810 | D:11     | Noticed a boulder beetle
 10816 | D:11     | Killed a boulder beetle
 10817 | D:11     | Reached skill level 7 in Invocations
 10847 | D:11     | Reached skill level 8 in Invocations
 10943 | D:11     | Identified the +3 whip of an ossuary {flame, Str+6 Int-2}
 11490 | D:12     | Reached skill level 9 in Invocations
 11552 | D:12     | Reached skill level 10 in Invocations
 11635 | D:12     | Noticed a six-headed hydra
 11636 | D:12     | Reached skill level 11 in Invocations
 11637 | D:12     | HP: 3/97 [seven-headed hydra (11)]
 11638 | D:12     | Slain by a seven-headed hydra

Illustrated notes

Levels and vault maps discovered:
D:1:      ncdulo_watergridlock, layout_basic, dilly_ecumenical_altar_fadedgnrine
D:2:      layout_loops_ring, guppyfry_early_lair_pool
D:3:      layout_basic, minitemple, serial_bayou_pond_e
D:4:      layout_basic, marbit_many_paths, kennysheep_generic_room_7,
          uniq_eustachio, uniq_robin, uniq_blork_the_orc
D:5:      layout_cave_pods, serial_glass, glass_columns_b, glass_columns_c,
          glass_columns_a, glass_columns_b, glass_columns_a, glass_columns_a,
          glass_columns_c, glass_columns_c, minmay_strange_pillars,
          feat_on_display, uniq_grinder, uniq_menkaure
D:6:      layout_loops_ring, nicolae_yredelemnul_ghost_church,
          general_overflow_altar, minmay_temple_entry_enclosed_plants
D:7:      layout_basic, makhleb_grotto_becter, fedhas_altar_1, enter_bailey_7,
          serial_bayou_pond_d, uniq_duvessa, uniq_joseph
D:8:      layout_cave_pods, mainiacjoe_overflow_cross_hatched,
          uniq_prince_ribbit1
D:9:      layout_layer_cave, serial_shops, nicolae_lakefront_shop, uniq_psyche
D:10:     layout_stronghold, grunt_dithmenos_shadows, lair_entry_dummy,
          erik_orc_2
D:11:     layout_stronghold
D:12:     minmay_s_stair_smasher, layout_stronghold, item_on_display_a,
          uniq_kirke

Skill      XL: |  1  2  3  4  5  6  7  8  9 10 11 12 |
---------------+-------------------------------------+-----
Axes           | 3 5 8 10 | 10.3
Fighting       | 4 5 6 7 10 | 10.0
Armour         | 4 6 7 8 10 | 10.1
Shields        | 6 9 10 | 10.8
Invocations    | 5 11 | 11.1

Action                     |  1- 3 |  4- 6 |  7- 9 | 10-12 || total
---------------------------+-------+-------+-------+-------++-------
  Melee: War axe           |    56 |    91 |   145 |       ||   292
         Unarmed           |       |    10 |       |       ||    10
         Battleaxe         |       |       |    52 |   229 ||   281
Ability: Dig               |       |       |       |     1 ||     1
  Evoke: Wand              |       |     6 |     2 |     8 ||    16
    Use: Scroll            |     5 |    10 |     8 |     2 ||    25
         Potion            |       |     3 |     5 |     2 ||    10
 Armour: Scale mail        |    27 |       |       |       ||    27
         Plate armour      |       |    64 |   132 |   175 ||   371
  Dodge: Dodged            |    39 |    29 |    87 |   125 ||   280
         Repelled          |       |       |       |     2 ||     2
  Block: Buckler           |    22 |    22 |   101 |   216 ||   361
